| TOP OF THE 1ST |
|
Jackson Generals batting - Pitching for Frisco RoughRiders : RHP Ray Duncan
|
|
Pitching: RHP Ray Duncan
|
|
|
Batting: RHB Tomokazu Sugimoto
|
0-0: SINGLE (Groundball, 56D, EV 109.4 MPH)
|
|
Batting: RHB Ryan Criollo
|
0-0: Called Strike 0-1: Called Strike 0-2: Ball 1-2: Fielders Choice at 2nd, 1-6 (Groundball, 13S, EV 68.8 MPH)
|
|
Batting: RHB Mike Conaway
|
0-0: Called Strike 0-1: Called Strike 0-2: Foul Ball, location: 2F 0-2: Ball 1-2: SINGLE (Flyball, 7LS, EV 96.9 MPH) Ryan Criollo to second
|
|
Batting: RHB Adan Lake
|
0-0: Called Strike 0-1: Ground out 5-3 (Groundball, 56S, EV 61.9 MPH) Ryan Criollo to third Mike Conaway to second
|
|
Batting: RHB Hideo Okimura
|
0-0: Ball 1-0: Called Strike 1-1: Ball 2-1: Ball 3-1: Ground out 4-3 (Groundball, 4, EV 108.8 MPH)
|
| Top of the 1st over - 0 runs, 2 hits, 0 errors, 2 left on base; Jackson 0 - Frisco 0 |
| BOTTOM OF THE 1ST |
|
Frisco RoughRiders batting - Pitching for Jackson Generals : RHP Devon Washington
|
|
Pitching: RHP Devon Washington
|
|
|
Batting: RHB Doug Hammertime
|
0-0: Called Strike 0-1: Foul Ball, location: 2F 0-2: Ball 1-2: SINGLE (Line Drive, 9LS, EV 91.2 MPH)
|
|
Batting: LHB Pauli Gassinger
|
0-0: Called Strike 0-1: Ball 1-1: Ball 2-1: Foul Ball, location: 2F 2-2: 2-RUN HOME RUN (Line Drive, 9D, EV 100.6 MPH), Distance : 400 ft
|
|
Batting: RHB Sean Neuroth
|
0-0: Called Strike 0-1: Swinging Strike 0-2: Ball 1-2: DOUBLE (Groundball, 5L, EV 101.2 MPH)
|
|
Batting: RHB Danny Murillo
|
0-0: TRIPLE (Flyball, 78XD, EV 99.4 MPH) Sean Neuroth scores
|
|
Batting: LHB Joseph Martin
|
0-0: Ball 1-0: Called Strike 1-1: Ball 2-1: Foul Ball, location: 2F 2-2: Strikes out swinging
|
|
Batting: RHB Jose Pineda
|
0-0: Ball 1-0: Foul Ball, location: 2F 1-1: Foul Ball, location: 2F 1-2: Fly out, F9 (Line Drive, 9S, EV 85.6 MPH) Runner from 3rd tags up, SCORES, throw by RF
|
|
Batting: RHB Ron Corn
|
0-0: Ball 1-0: Called Strike 1-1: Foul Ball, location: 2F 1-2: Ground out 5-3 (Groundball, 56, EV 86.9 MPH)
|
| Bottom of the 1st over - 4 runs, 4 hits, 0 errors, 0 left on base; Jackson 0 - Frisco 4 |
| TOP OF THE 2ND |
|
Jackson Generals batting - Pitching for Frisco RoughRiders : RHP Ray Duncan
|
|
Batting: SHB Brendan Bundy
|
0-0: Ball 1-0: Ground out 6-3 (Groundball, 6, EV 83.1 MPH)
|
|
Batting: RHB Ching-hsia Zhang
|
0-0: Ball 1-0: Called Strike 1-1: Fly out, F4 (Line Drive, 4, EV 71.9 MPH)
|
|
Batting: RHB Justin Colella
|
0-0: Called Strike 0-1: Ball 1-1: Swinging Strike 1-2: Strikes out looking
|
| Top of the 2nd over - 0 runs, 0 hits, 0 errors, 0 left on base; Jackson 0 - Frisco 4 |
| BOTTOM OF THE 2ND |
|
Frisco RoughRiders batting - Pitching for Jackson Generals : RHP Devon Washington
|
|
Batting: LHB Yat-sen Zhu
|
0-0: Called Strike 0-1: Ball 1-1: Foul Ball, location: 2F 1-2: Strikes out looking
|
|
Batting: SHB Brace Harper
|
0-0: Called Strike 0-1: Fly out, F8 (Flyball, 78M, EV 90.6 MPH)
|
|
Batting: RHB Doug Hammertime
|
0-0: Ball 1-0: Ball 2-0: Ball 3-0: Called Strike 3-1: Called Strike 3-2: Ground out 4-3 (Groundball, 4MS, EV 90.0 MPH)
|
| Bottom of the 2nd over - 0 runs, 0 hits, 0 errors, 0 left on base; Jackson 0 - Frisco 4 |
| TOP OF THE 3RD |
|
Jackson Generals batting - Pitching for Frisco RoughRiders : RHP Ray Duncan
|
|
Batting: LHB Mario Cardona
|
0-0: Called Strike 0-1: Fly out, F8 (Flyball, 8RS, EV 85.6 MPH)
|
|
Batting: RHB Tomokazu Sugimoto
|
0-0: Ball 1-0: Ball 2-0: Ball 3-0: Called Strike 3-1: Foul Ball, location: 2F 3-2: Strikes out swinging
|
|
Batting: RHB Ryan Criollo
|
0-0: DOUBLE (Line Drive, 78D, EV 106.9 MPH)
|
|
Batting: RHB Mike Conaway
|
0-0: Foul Ball, location: 2F 0-1: Swinging Strike 0-2: Ball 1-2: Foul Ball, location: 2F 1-2: Strikes out swinging
|
| Top of the 3rd over - 0 runs, 1 hit, 0 errors, 1 left on base; Jackson 0 - Frisco 4 |
| BOTTOM OF THE 3RD |
|
Frisco RoughRiders batting - Pitching for Jackson Generals : RHP Devon Washington
|
|
Batting: LHB Pauli Gassinger
|
0-0: Ball 1-0: Foul Ball, location: 2F 1-1: Called Strike 1-2: DOUBLE (Flyball, 8RXD, EV 112.5 MPH)
|
|
Batting: RHB Sean Neuroth
|
0-0: Ball 1-0: Ball 2-0: Foul Ball, location: 2F 2-1: Ball 3-1: Base on Balls
|
|
Batting: RHB Danny Murillo
|
0-0: Ball 1-0: Ball 2-0: Fly out, F6 (Line Drive, 6, EV 70.0 MPH)
|
|
Batting: LHB Joseph Martin
|
0-0: Ball 1-0: Foul Ball, location: 2F 1-1: Reached via error on a dropped throw from 2B, E6 (Groundball, 4S, EV 81.9 MPH) Pauli Gassinger to third Sean Neuroth to second
|
|
Batting: RHB Jose Pineda
|
0-0: Ball 1-0: Foul Ball, location: 2F 1-1: Grounds into double play, 5-4-3 (Groundball, 5, EV 88.1 MPH)
|
| Bottom of the 3rd over - 0 runs, 1 hit, 1 error, 2 left on base; Jackson 0 - Frisco 4 |
| TOP OF THE 4TH |
|
Jackson Generals batting - Pitching for Frisco RoughRiders : RHP Ray Duncan
|
|
Batting: RHB Adan Lake
|
0-0: Foul Ball, location: 2F 0-1: Swinging Strike 0-2: Ball 1-2: Strikes out swinging
|
|
Batting: RHB Hideo Okimura
|
0-0: Ball 1-0: Ball 2-0: Foul Ball, location: 2F 2-1: Swinging Strike 2-2: Hit by Pitch
|
|
Batting: SHB Brendan Bundy
|
0-0: Called Strike 0-1: Called Strike 0-2: Foul Ball, location: 2F 0-2: Ball 1-2: Strikes out looking
|
|
Batting: RHB Ching-hsia Zhang
|
0-0: Called Strike 0-1: Ball 1-1: Ball 2-1: Foul Ball, location: 2F 2-2: Strikes out swinging
|
| Top of the 4th over - 0 runs, 0 hits, 0 errors, 1 left on base; Jackson 0 - Frisco 4 |
| BOTTOM OF THE 4TH |
|
Frisco RoughRiders batting - Pitching for Jackson Generals : RHP Devon Washington
|
|
Batting: RHB Ron Corn
|
0-0: Fly out, F6 (Line Drive, 6MD, EV 66.9 MPH)
|
|
Batting: LHB Yat-sen Zhu
|
0-0: Called Strike 0-1: Called Strike 0-2: Ball 1-2: Ball 2-2: Foul Ball, location: 2F 2-2: Foul Ball, location: 2F 2-2: Ball 3-2: Ground out 3-1 (Groundball, 3L, EV 101.9 MPH)
|
|
Batting: SHB Brace Harper
|
0-0: Ball 1-0: Called Strike 1-1: Foul Ball, location: 2F 1-2: Ball 2-2: Fly out, F7 (Line Drive, 78M, EV 90.6 MPH)
|
| Bottom of the 4th over - 0 runs, 0 hits, 0 errors, 0 left on base; Jackson 0 - Frisco 4 |
| TOP OF THE 5TH |
|
Jackson Generals batting - Pitching for Frisco RoughRiders : RHP Ray Duncan
|
|
Batting: RHB Justin Colella
|
0-0: Called Strike 0-1: Ball 1-1: Called Strike 1-2: Foul Ball, location: 2F 1-2: Ball 2-2: Ball 3-2: Base on Balls
|
|
Batting: LHB Mario Cardona
|
0-0: Fielders Choice at 2nd, 4-6 (Groundball, 34, EV 106.9 MPH)
|
|
Batting: RHB Tomokazu Sugimoto
|
0-0: Called Strike 0-1: Ball 1-1: Swinging Strike 1-2: Strikes out swinging
|
|
Batting: RHB Ryan Criollo
|
0-0: Ball 1-0: Foul Ball, location: 2F 1-1: Called Strike 1-2: Strikes out swinging
|
| Top of the 5th over - 0 runs, 0 hits, 0 errors, 1 left on base; Jackson 0 - Frisco 4 |
| BOTTOM OF THE 5TH |
|
Frisco RoughRiders batting - Pitching for Jackson Generals : RHP Devon Washington
|
|
Batting: RHB Doug Hammertime
|
0-0: Ground out U3 (Groundball, 34, EV 108.1 MPH)
|
|
Batting: LHB Pauli Gassinger
|
0-0: Called Strike 0-1: Ground out U3 (Groundball, 34S, EV 86.2 MPH)
|
|
Batting: RHB Sean Neuroth
|
0-0: Ball 1-0: Called Strike 1-1: Foul Ball, location: 2F 1-2: Ball 2-2: Ball 3-2: Ground out 6-3 (Groundball, P, EV 86.2 MPH)
|
| Bottom of the 5th over - 0 runs, 0 hits, 0 errors, 0 left on base; Jackson 0 - Frisco 4 |
| TOP OF THE 6TH |
|
Jackson Generals batting - Pitching for Frisco RoughRiders : RHP Ray Duncan
|
|
Batting: RHB Mike Conaway
|
0-0: Ball 1-0: Fly out, F8 (Line Drive, 89M, EV 108.8 MPH)
|
|
Batting: RHB Adan Lake
|
0-0: Swinging Strike 0-1: Foul Ball, location: 2F 0-2: Strikes out swinging
|
|
Batting: RHB Hideo Okimura
|
0-0: Called Strike 0-1: Ball 1-1: Foul Ball, location: 2F 1-2: Strikes out swinging
|
| Top of the 6th over - 0 runs, 0 hits, 0 errors, 0 left on base; Jackson 0 - Frisco 4 |
| BOTTOM OF THE 6TH |
|
Frisco RoughRiders batting - Pitching for Jackson Generals : RHP Devon Washington
|
|
Batting: RHB Danny Murillo
|
0-0: SINGLE (Line Drive, 56D, EV 95.6 MPH)
|
|
Batting: LHB Joseph Martin
|
0-0: Called Strike Danny Murillo steals 2nd base (no throw) 0-1: Ground out 1-3 (Groundball, 15S, EV 70.0 MPH)
|
|
Batting: RHB Jose Pineda
|
0-0: Called Strike 0-1: Called Strike 0-2: Foul Ball, location: 2F 0-2: Ball 1-2: Ground out 4-3 (Groundball, 4S, EV 74.4 MPH) Danny Murillo to third
|
|
Pitching: RHP Rickey DuMire
|
|
|
Batting: RHB Ron Corn
|
0-0: Fly out, F8 (Flyball, 8RD, EV 86.2 MPH)
|
| Bottom of the 6th over - 0 runs, 1 hit, 0 errors, 1 left on base; Jackson 0 - Frisco 4 |
| TOP OF THE 7TH |
|
Jackson Generals batting - Pitching for Frisco RoughRiders : RHP Ray Duncan
|
|
Batting: SHB Brendan Bundy
|
0-0: Fly out, F5 (Popup, 5S, EV 71.2 MPH)
|
|
Batting: RHB Ching-hsia Zhang
|
0-0: Called Strike 0-1: Foul Ball, location: 2F 0-2: Ball 1-2: Ball 2-2: Fly out, F4 (Line Drive, 4, EV 73.8 MPH)
|
|
Batting: RHB Justin Colella
|
0-0: Ground out 3-1 (Groundball, 34S, EV 86.2 MPH)
|
| Top of the 7th over - 0 runs, 0 hits, 0 errors, 0 left on base; Jackson 0 - Frisco 4 |
| BOTTOM OF THE 7TH |
|
Frisco RoughRiders batting - Pitching for Jackson Generals : RHP Rickey DuMire
|
|
Batting: LHB Yat-sen Zhu
|
0-0: Swinging Strike 0-1: Fly out, F4 (Line Drive, 4, EV 72.5 MPH)
|
|
Batting: SHB Brace Harper
|
0-0: Ball 1-0: Ball 2-0: Ball 3-0: Called Strike 3-1: Foul Ball, location: 2F 3-2: Base on Balls
|
|
Batting: RHB Doug Hammertime
|
0-0: Ball 1-0: Fielders Choice at 2nd, 3-6 (Groundball, 3, EV 111.2 MPH)
|
|
Batting: LHB Pauli Gassinger
|
0-0: Ball Doug Hammertime is caught stealing 2nd base 2-6
|
| Bottom of the 7th over - 0 runs, 0 hits, 0 errors, 0 left on base; Jackson 0 - Frisco 4 |
| TOP OF THE 8TH |
|
Jackson Generals batting - Pitching for Frisco RoughRiders : RHP Ray Duncan
|
|
Batting: LHB Mario Cardona
|
0-0: Called Strike 0-1: Ball 1-1: Ball 2-1: Foul Ball, location: 2F 2-2: Fly out, F8 (Flyball, 8LD, EV 82.5 MPH)
|
|
Batting: RHB Tomokazu Sugimoto
|
0-0: SINGLE (Groundball, 56, EV 78.8 MPH) (infield hit)
|
|
Batting: RHB Ryan Criollo
|
0-0: Ball 1-0: Called Strike 1-1: Called Strike 1-2: Strikes out swinging
|
|
Batting: RHB Mike Conaway
|
0-0: Ball 1-0: Foul Ball, location: 2F 1-1: Ball 2-1: Called Strike 2-2: Ball 3-2: Foul Ball, location: 2F 3-2: SINGLE (Groundball, 56, EV 103.8 MPH) (infield hit) Tomokazu Sugimoto to second
|
|
Batting: RHB Adan Lake
|
0-0: Ball 1-0: Ball 2-0: Foul Ball, location: 2F 2-1: Fly out, F9 (Flyball, 9, EV 95.6 MPH)
|
| Top of the 8th over - 0 runs, 2 hits, 0 errors, 2 left on base; Jackson 0 - Frisco 4 |
| BOTTOM OF THE 8TH |
|
Frisco RoughRiders batting - Pitching for Jackson Generals : RHP Rickey DuMire
|
|
Pitching: RHP Raul Lopez
|
|
|
Batting: LHB Pauli Gassinger
|
0-0: Ball 1-0: Called Strike 1-1: Ball 2-1: Fly out, F8 (Flyball, 8RD, EV 105.6 MPH)
|
|
Batting: RHB Sean Neuroth
|
0-0: Called Strike 0-1: Ground out 6-3 (Groundball, 6, EV 85.6 MPH)
|
|
Batting: RHB Danny Murillo
|
0-0: Ball 1-0: Foul Ball, location: 2F 1-1: Foul Ball, location: 2F 1-2: Foul Ball, location: 2F 1-2: Fly out, F8 (Flyball, 8RD, EV 93.1 MPH)
|
| Bottom of the 8th over - 0 runs, 0 hits, 0 errors, 0 left on base; Jackson 0 - Frisco 4 |
| TOP OF THE 9TH |
|
Jackson Generals batting - Pitching for Frisco RoughRiders : RHP Ray Duncan
|
|
Pitching: LHP Francisco Rivas
|
|
|
Batting: RHB Hideo Okimura
|
0-0: Swinging Strike 0-1: Ground out 1-3 (Groundball, 15S, EV 66.2 MPH)
|
|
Batting: SHB Brendan Bundy
|
0-0: Ground out 5-3 (Groundball, 56, EV 103.8 MPH)
|
|
Batting: RHB Ching-hsia Zhang
|
0-0: Ball 1-0: Swinging Strike 1-1: Swinging Strike 1-2: Foul Ball, location: 2F 1-2: Strikes out looking
|
| Top of the 9th over - 0 runs, 0 hits, 0 errors, 0 left on base; Jackson 0 - Frisco 4 |
|